 Dungeon Crawl Stone Soup version 0.31-a0-358-gac0dbeb3ab (webtiles) character file.

Game seed: 9004240709838889968

391 AdnanSaban the Cudgeller (level 6, -14/39 HPs)
             Began as a Gargoyle Fighter on July 25, 2023.
             Demolished by an ogre
             ... wielding a +0 giant spiked club
              (16 damage)
             ... on level 5 of the Dungeon.
             The game lasted 00:03:01 (3099 turns).

AdnanSaban the Cudgeller (Gargoyle Fighter)         Turns: 3099, Time: 00:03:02

Health: -14/39     AC: 11    Str: 22    XL:     6   Next: 80%
Magic:  6/6        EV:  9    Int:  8    God:
Gold:   182        SH:  4    Dex:  9    Spells: 5/5 levels left

rFire   . . .        a - +0 flail
rCold   . . .        c - +0 buckler
rNeg    + . .        b - +0 scale mail
rPois   ∞            (no helmet)
rElec   +            (no cloak)
rCorr   .            (no gloves)
SInv    .            (no boots)
Will    .....        (no amulet) Stlth
                     (no ring)
HPRegen 0.26/turn    (no ring)
MPRegen 0.10/turn

%: no passive effects
@: weakened
A: sickness immunity, AC +4, negative energy resistance 1, electricity
resistance, torment resistance 1, petrification resistance
a: no special abilities


You were on level 5 of the Dungeon.
You visited 1 branch of the dungeon, and saw 5 of its levels.

You collected 182 gold pieces.

Inventory:

Hand Weapons
 a - a +0 flail (weapon)
Armour
 b - a +0 scale mail (worn)
 c - a +0 buckler (worn)
Jewellery
 e - a +4 ring of protection
Wands
 o - a wand of flame (7)
Scrolls
 f - 2 scrolls of teleportation {unknown}
 g - 3 scrolls of enchant armour {unknown}
 h - a scroll of fear {unknown}
 i - 2 scrolls of identify {unknown}
 j - 3 scrolls of enchant weapon {unknown}
 l - a scroll of fog {unknown}
Potions
 d - a potion of might
 k - a potion of resistance {unknown}
 m - a potion of curing {unknown}
 n - 4 potions of heal wounds {unknown}
 p - a potion of enlightenment {unknown}


   Skills:
 + Level 4.4 Fighting
 + Level 4.8 Maces & Flails
 + Level 4.7 Armour
 + Level 1.1 Dodging
 + Level 4.0 Shields


You had 5 spell levels left.
You didn't know any spells.
Your spell library contained the following spells:

 Spells                   Type           Power      Damage    Failure   Level
 Apportation              Tloc           0%         N/A       80%         1
 Magic Dart               Conj           0%         1d3       80%         1
 Necrotise                Necr           0%         1d4       80%         1
 Summon Small Mammal      Summ           0%         N/A       80%         1
 Ensorcelled Hibernation  Hex/Ice        0%         N/A       90%         2
 Searing Ray              Conj           0%         2d4       90%         2
 Dazzling Flash           Conj/Hex       0%         N/A       99%         3
 Vhi's Electric Charge    Tloc/Air       0%         N/A       99%         3
 Anguish                  Hex/Necr       0%         N/A       100%        4
 Fulminant Prism          Conj/Hex       0%         3d5       100%        4
 Agony                    Necr           0%         N/A       100%        5
 Alistair's Intoxication  Tmut/Pois      0%         N/A       100%        5
 Arcjolt                  Conj/Air       0%         1d10      100%        5
 Silence                  Hex/Air        0%         N/A       100%        5
 Maxwell's Capacitive Co  Air            0%         ∞         100%        8


Dungeon Overview and Level Annotations

Branches:
Dungeon (5/15)
 Temple: D:4-7

Altars:
Kikubaaqudgha

Shops:
D:2 =


Innate Abilities, Weirdness & Mutations

You are immune to sickness and miasma.
Your stone body is resilient. (AC +4)
You are immune to poison.
You resist negative energy. (rN+)
You are resistant to electric shocks. (rElec)
You are resistant to unholy torment.
You are immune to petrification.


Message History

The ogre hits you with a +0 giant club!!
Ouch! That really hurt!
* * * LOW HITPOINT WARNING * * *
The ogre attacks as you move away! The ogre closely misses you.
The adder bites you but does no damage. The adder attacks as you move away!
The adder closely misses you.
A gnoll comes into view. It is wielding a +0 club.
The gnoll shouts!
You block the adder's attack. The gnoll barely misses you.
You sock the gnoll!
The gnoll is almost dead.
You block the adder's attack. The gnoll closely misses you.
The adder bites you but does no damage.
You sock the gnoll!
You kill the gnoll!
The gnoll bouda barks out a call to the hunt!
The gnoll picks up the pace!
You block the adder's attack.
Things that are here:
a +0 club; a gnoll corpse The adder attacks as you move away!
The adder bites you but does no damage. x2
A scorpion comes into view.
The gnoll bouda gazes fiercely through you!
You feel your attacks grow feeble.
You hear a shout!
The adder attacks as you move away! The adder bites you but does no damage.
The gnoll bouda gazes fiercely through you!
You feel as though you will be weak longer.
The gnoll attacks as you move away! The gnoll hits you with a +0 flail!
* * * LOW HITPOINT WARNING * * *
The adder bites you but does no damage.
An ogre comes into view. It is wielding a +0 giant spiked club.
The ogre shouts!
The adder attacks as you move away! The adder bites you but does no damage.
The gnoll bouda barks out a call to the hunt!
The gnoll picks up the pace!
The adder bites you but does no damage.
The ogre hits you with a +0 giant spiked club!
You die...

##.##
##...##
##.....##
.......
..... ...
#O# #@#
#######.#
#.....gS#
#.#....O#
#.....# #
#.....#
.s.#.#.....#
......g....#
....###.####


You could see 2 ogres, a gnoll bouda, a gnoll (swift) and an adder.

Vanquished Creatures
  A scorpion (D:5)
  4 hounds
  5 gnolls
  7 adders
  4 dart slugs
  7 orcs
  5 ball pythons
  6 bats
  7 endoplasms
  11 goblins
  8 hobgoblins
  A quokka (D:1)
  5 frilled lizards
  11 kobolds
  5 rats
87 creatures vanquished.

Vanquished Creatures (others)
  A human (D:3)
1 creature vanquished.

Grand Total: 88 creatures vanquished

Notes
Turn   | Place    | Note
-------+----------+-------------------------------------------
     0 | D:1      | AdnanSaban the Gargoyle Fighter began the quest for the
                  | Orb.
     0 | D:1      | Reached XP level 1. HP: 14/14 MP: 1/1
   234 | D:1      | Reached XP level 2. HP: 19/19 MP: 2/2
   839 | D:1      | Reached XP level 3. HP: 22/24 MP: 3/3
  1299 | D:2      | Reached XP level 4. HP: 29/29 MP: 4/4
  1328 | D:2      | Found Osarori's Jewellery Emporium.
  1884 | D:3      | Found an ancient bone altar of Kikubaaqudgha.
  1886 | D:3      | Noticed a human
  1889 | D:3      | Killed a human
  2076 | D:3      | Reached XP level 5. HP: 32/33 MP: 5/5
  2862 | D:4      | Reached skill level 1 in Dodging
  2862 | D:4      | Reached XP level 6. HP: 27/38 MP: 6/6
  2999 | D:5      | Entered Level 5 of the Dungeon
  3095 | D:5      | HP: 1/39 [gnoll/+0 flail[a gnoll bouda] (8)]
  3099 | D:5      | Demolished by an ogre

Illustrated notes

Levels and vault maps discovered:
D:1:      lightli_arrival_isolated_outpost, layout_basic,
          chequers_serial_rivers_small_a, nicolae_houndstooth_variations
D:2:      layout_basic, serial_shops, shop
D:3:      layout_loops_ring, tgw_kikubaaqudgha
D:4:      layout_basic, chequers_serial_rivers_small_b
D:5:      layout_loops_cross, uniq_duvessa

Skill      XL: |  1  2  3  4  5 |
---------------+----------------+-----
Fighting       | 4 |  4.4
Maces & Flails | 3 4 |  4.8
Armour         | 4 |  4.7
Dodging        | 1 |  1.1
Shields        | 4 |  4.0

Action                     |  1- 3 |  4- 6 || total
---------------------------+-------+-------++-------
  Melee: Flail             |   103 |   150 ||   253
 Armour: Scale mail        |    59 |    96 ||   155
  Dodge: Dodged            |    42 |    90 ||   132
  Block: Buckler           |    23 |    36 ||    59

Table legend: (Time is in decaauts)
 A = Elapsed time spent in this place.
 B = Non-inter-level travel time spent in this place.
 C = Inter-level travel time spent in this place.
 D = Time resting spent in this place.
 E = Time spent auto-exploring this place.
 F = Levels seen in this place.
 G = Mean time per level.
                   A        B        C        D        E       F      G
               +--------+--------+--------+--------+--------+-----+--------+
         Total |   3184 |   3117 |     67 |     34 |   2418 |   5 |  636.8 |
       Dungeon |   3184 |   3117 |     67 |     34 |   2418 |   5 |  636.8 |
               +--------+--------+--------+--------+--------+-----+--------+

Top non-repeatable levels by time:
     D:1: 943 daAuts
     D:2: 753 daAuts
     D:4: 707 daAuts
     D:3: 676 daAuts
     D:5: 103 daAuts
